 Dungeon Crawl Stone Soup version 0.31-a0-986-g5e6e4ef867 (webtiles) character file.

Game seed: 4849008003593888738

128 Fodor the Covered (level 4, 0/40 HPs)
             Began as a Minotaur Fighter on Nov 14, 2023.
             Slain by an orc priest
             ... wielding a +4 hand axe
              (9 damage)
             ... on level 4 of the Dungeon.
             The game lasted 00:13:03 (2611 turns).

Fodor the Covered (Minotaur Fighter)                Turns: 2611, Time: 00:13:03

Health: 0/40       AC: 11    Str: 25    XL:     4   Next: 86%
Magic:  3/3        EV:  8    Int:  5    God:
Gold:   139        SH:  4    Dex:  9    Spells: 3/3 levels left

rFire   + . .        a - +0 war axe
rCold   . . .        c - +0 buckler
rNeg    . . .        p - +0 chain mail
rPois   .            (helmet restricted)
rElec   .            b - scarf of Kagg {harm, rF+ Str+2}
rCorr   .            o - +1 pair of gloves
SInv    .            (no boots)
Will    .....        (no amulet) Stlth
                     (no ring)
HPRegen 0.26/turn    (no ring)
MPRegen 0.08/turn

%: harm (+30% outgoing, +20% incoming)
@: no status effects
A: horns 2, retaliatory headbutt
a: no special abilities


You were on level 4 of the Dungeon.
You visited 1 branch of the dungeon, and saw 4 of its levels.

You collected 139 gold pieces.

Inventory:

Hand Weapons
 a - a +0 war axe (weapon)
Missiles
 n - a throwing net
Armour
 b - the scarf of Kagg (worn) {harm, rF+ Str+2}
   (You found it on level 3 of the Dungeon)

   Str+2:     It affects your strength (+2).
   rF+:       It protects you from fire.
 c - a +0 buckler (worn)
 j - a +1 cloak
 o - a +1 pair of gloves (worn)
 p - a +0 chain mail (worn)
Jewellery
 h - a +6 ring of intelligence
Scrolls
 f - a scroll of butterflies {unknown}
 i - a scroll of poison {unknown}
 k - a scroll of acquirement {unknown}
 l - a scroll of blinking {unknown}
Potions
 d - a potion of might
 m - a potion of haste {unknown}


   Skills:
 + Level 4.2 Fighting
 + Level 3.5 Axes
 + Level 4.8 Armour
 + Level 0.7 Dodging
 + Level 0.1 Stealth
 + Level 4.6 Shields


You had 3 spell levels left.
You didn't know any spells.
Your spell library contained the following spells:

 Spells                   Type           Power      Damage    Failure   Level
 Apportation              Tloc           0%         N/A       97%         1
 Necrotise                Necr           0%         1d4       97%         1
 Shock                    Conj/Air       0%         1d3       97%         1
 Summon Small Mammal      Summ           0%         N/A       97%         1
 Swiftness                Air            0%         N/A       100%        3
 Airstrike                Air            0%         2d(0-16)  100%        4


Dungeon Overview and Level Annotations

Branches:
Dungeon (4/15)
 Temple: D:4-7

Altars:
The Shining One


Innate Abilities, Weirdness & Mutations

You have a pair of horns on your head.
You reflexively headbutt those who attack you in melee.


Message History

You kill the goblin!
Things that are here:
a +0 club; a goblin corpse
There is a stone staircase leading down here.
You climb downwards.
Found 5 stones and a falchion.
There is a stone staircase leading up here.
Found 2 stones.
Found a dagger.
You see here a +0 falchion.
An orc comes into view. It is wielding a +0 falchion.
An orc wizard comes into view. It is wielding a +0 dagger.
The orc shouts!
The orc hits you with a +0 falchion.
The orc wizard gestures at you while chanting.
The magic dart hits you but does no damage.
An orc priest comes into view. It is wielding a +4 hand axe.
You barely miss the orc.
The orc priest shouts!
The orc hits you but does no damage.
The orc priest mumbles some strange prayers to Beogh against you.
Beogh smites you!
You slash the orc!
You kill the orc!
You see here a +0 falchion.
You hit the orc wizard. You headbutt the orc wizard!
You kill the orc wizard!
The orc priest hits you but does no damage.
The orc priest mumbles some strange prayers to Beogh against you.
Beogh smites you!
* * * LOW HITPOINT WARNING * * *
Things that are here:
a +0 dagger; a +0 robe; an orc corpse You completely miss the orc priest.
You headbutt the orc priest!
The orc priest is almost dead.
The orc priest hits you but does no damage.
You barely miss the orc priest. Your headbutt misses the orc priest.
The orc priest is almost dead.
The orc priest hits you with a +4 hand axe!
You die...

### ## #..####. ###
#...##.## #.####
##.......### ##....#
#......)...####.####.
##......##....##.# ##
###.....).####.....#
.......@o.# ##...##
.......#..# ##..#
......##...# ##..#
...... #...# #..#
..... #...# #..#
..... ....# #..# ....
....# #..# .... ....
...# ...


You could see an orc priest.

Vanquished Creatures
  An orc wizard (D:4)
  2 adders (D:3)
  2 worms (D:2)
  2 dart slugs (D:1)
  11 orcs
  2 ball pythons (D:1)
  5 bats
  3 endoplasms
  A giant cockroach (D:3)
  5 goblins
  6 hobgoblins
  9 jackals
  2 kobolds
  2 quokkas (D:1)
  4 rats
57 creatures vanquished.

Notes
Turn   | Place    | Note
-------+----------+-------------------------------------------
     0 | D:1      | Fodor the Minotaur Fighter began the quest for the Orb.
     0 | D:1      | Reached XP level 1. HP: 19/19 MP: 0/0
   347 | D:1      | Reached XP level 2. HP: 27/27 MP: 1/1
  1191 | D:2      | Reached XP level 3. HP: 33/33 MP: 2/2
  1884 | D:3      | Reached XP level 4. HP: 40/40 MP: 3/3
  2052 | D:3      | Found a glowing golden altar of the Shining One.
  2367 | D:3      | Identified the scarf of Kagg {harm, rF+ Str+2}
  2611 | D:4      | Slain by an orc priest

Illustrated notes

Levels and vault maps discovered:
D:1:      scummos_arrival_hexagon, layout_loops_corners,
          grunt_decor_mini_mirrors, reono_crystal_passage, serial_bayou_pond_a,
          chequers_serial_rivers_marsh
D:2:      layout_basic, roderic_nine_men_s_morris
D:3:      layout_loops_cross, tso_oasis_becter, dreamdust_princess_bridge
D:4:      layout_layer_cave, lemuel_blue_sif_altar, minmay_between,
          uniq_crazy_yiuf_cottage, uniq_blork_the_orc

Skill      XL: |  1  2  3  4 |
---------------+-------------+-----
Shields        | 4 |  4.6
Armour         | 4 |  4.8
Fighting       | 4 |  4.2
Axes           | 3 |  3.5
Dodging        | |  0.7
Stealth        | |  0.1

Action                     |  1- 3 |  4- 6 || total
---------------------------+-------+-------++-------
  Melee: War axe           |    77 |    45 ||   122
         Headbutt          |    11 |     7 ||    18
    Use: Potion            |       |     2 ||     2
 Armour: Scale mail        |    65 |    15 ||    80
         Chain mail        |       |    23 ||    23
  Dodge: Dodged            |    37 |    20 ||    57
  Block: Buckler           |    25 |     8 ||    33

Table legend: (Time is in decaauts)
 A = Elapsed time spent in this place.
 B = Non-inter-level travel time spent in this place.
 C = Inter-level travel time spent in this place.
 D = Time resting spent in this place.
 E = Time spent auto-exploring this place.
 F = Levels seen in this place.
 G = Mean time per level.
                   A        B        C        D        E       F      G
               +--------+--------+--------+--------+--------+-----+--------+
         Total |   2665 |   2645 |     20 |    213 |      0 |   4 |  666.2 |
       Dungeon |   2665 |   2645 |     20 |    213 |      0 |   4 |  666.2 |
               +--------+--------+--------+--------+--------+-----+--------+

Top non-repeatable levels by time:
     D:1: 929 daAuts
     D:2: 844 daAuts
     D:3: 826 daAuts
     D:4: 64 daAuts
